 Dungeon Crawl Stone Soup version 0.29-a0-334-gb41bcbb86e (webtiles) character file.

Game seed: 6215968634802410301

219 spaghetti the Ducker (level 5, -9/41 HPs)
             Began as a Barachi Fighter on Apr 14, 2022.
             Mangled by an ogre
             ... wielding a +0 giant spiked club
              (15 damage)
             ... on level 4 of the Dungeon.
             The game lasted 00:04:23 (3190 turns).

spaghetti the Ducker (Barachi Fighter)              Turns: 3190, Time: 00:04:24

Health: -9/41      AC:  7    Str: 18    XL:     5   Next: 96%
Magic:  5/5        EV: 11    Int:  8    God:
Gold:   178        SH:  0    Dex: 13    Spells: 4/4 levels left

rFire   . . .      SeeInvis .   a - +0 lajatang {staff}
rCold   . . .      Faith    .   (shield currently unavailable)
rNeg    . . .      Spirit   .   b - +1 scale mail
rPois   .          Reflect  .   (no helmet)
rElec   .          Harm     .   (no cloak)
rCorr   .          Rampage  .   (no gloves)
Will    .....                   (no boots)
Stlth   ..........              (no amulet)
HPRegen 0.13/turn               (no ring)
MPRegen 0.09/turn               (no ring)

@: mighty, unable to hop, attractive, slow
A: amphibious, slowness 1, strong legs 1, +LOS
a: Hop


You were on level 4 of the Dungeon.
You visited 1 branch of the dungeon, and saw 4 of its levels.

You collected 178 gold pieces.


Innate Abilities, Weirdness & Mutations

You are amphibious.
You cover ground slowly.
You can hop short distances.
You have an extended range of vision and can be seen from far away.


   Skills:
 - Level 3.6 Fighting
 - Level 4.5 Long Blades
 + Level 0.0 Staves
 - Level 3.6 Armour
 + Level 4.9 Dodging
 - Level 3.2 Shields


You had 4 spell levels left.
You didn't know any spells.
Your spell library was empty.

Inventory:

Hand Weapons
 a - a +0 lajatang (weapon) {staff}
   (You found it on level 3 of the Dungeon)
 e - a +1 hunting sling of flaming {sling}
   (You found it on level 1 of the Dungeon)
Missiles
 c - 6 javelins {throwing}
 l - 122 stones (quivered) {throwing}
 t - 6 poisoned darts {throwing}
Armour
 b - a +1 scale mail (worn)
Jewellery
 m - a ring of fire
   (You found it on level 2 of the Dungeon)
 v - a +6 ring of intelligence
   (You took it off an orc on level 3 of the Dungeon)
Scrolls
 g - a scroll of teleportation {@r4}
 k - a scroll of identify {@r1}
 n - a scroll of noise {!r}
 o - a scroll of magic mapping {!r}
Potions
 d - 2 potions of might
 f - 2 potions of attraction {!q}
 h - a potion of resistance {unknown}
 i - 2 potions of haste {unknown}
 j - 3 potions of curing {unknown}

Dungeon Overview and Level Annotations

Branches:
Dungeon (4/15)
 Temple: D:4-7

Altars:
Uskayaw

## ##.## ###..<#
#........########
#.###...SO@.....#
##.########.# ##


You could see an ogre and an adder.


Message History

There is a faded altar of an unknown god here.
Key pressed, stopping explore.
There is a hide-covered altar of Uskayaw here.
There is a stone staircase leading up here.
j - 3 glowing cyan potions (gained 1)
You see here a +0 lajatang {staff}.
There is a stone staircase leading down here.
You see here a +0 buckler.
Done exploring.
Done exploring.
Done exploring.
Done exploring.
You are now empty-handed.
You drop a +0 long sword {long}.
You start removing your armour.
You continue taking off your +0 buckler. x4
You finish taking off your +0 buckler.
You drop a +0 buckler.
Search for what [? for help]? laj You see here a +0 buckler.
There is a stone staircase leading down here.
a - a +0 lajatang {staff}
There are no items here.
a - a +0 lajatang (weapon)
{staff}
As you read the scroll labelled HONEFYSTRIU, it crumbles to dust.
You feel strangely unstable.
It was a scroll of teleportation.
As you read the scroll labelled XAUCHEI NEXOT, it crumbles to dust.
It is a scroll of identify.
n - a scroll of noise
As you read the scroll labelled OKIYDW TUBAIQ, it crumbles to dust.
You feel momentarily disoriented.
It was a scroll of magic mapping.
Blink to where?
Press: ? - help, Dir - move target
As you read the scroll labelled NEHIEL DUDOD, it crumbles to dust.
It was a scroll of blinking.
As you read the scroll labelled JOOREP HOJU, it crumbles to dust.
It is a scroll of amnesia.
You feel forgetful for a moment.
Your surroundings suddenly seem different.
As you read the scroll labelled JAROUXKEEF, it crumbles to dust.
The air around you briefly surges with heat, but it dissipates.
It was a scroll of immolation.
Unknown command.
As you read the scroll labelled IDOGOQI WUGITT, it crumbles to dust.
It is a scroll of enchant armour.
Your +0 scale mail glows green for a moment.
As you read the scroll labelled QOUL KEHIFO, it crumbles to dust.
The scroll dissolves into smoke.
It was a scroll of fog.
Done exploring.
Done exploring.
Done exploring.
Done exploring.
Done exploring.
(D) Dungeon
Where to? (Enter - D:3 @ (x,y), ? - help) Key pressed, stopping travel.
Unknown command.
Unknown command.
Unknown command.
Done exploring.
Done exploring.
Done exploring.
Done exploring.
(D) Dungeon
Where to? (Enter - D:4, ? - help)
You see here a +0 buckler.
There is a stone staircase leading down here.
You climb downwards.
The ogre shouts!
The adder hisses angrily.
There is a stone staircase leading up here.
There are monsters nearby!
Unknown command.
Unknown command.
You barely miss the ogre.
The ogre hits you with a +0 giant spiked club! 😮 HP[-15]
You take 15 damage, and now have 26/41 hp.
MASSIVE DAMAGE!! (PAUSE)
Okay, then.
Hop to where?
Press: ? - help, Dir - move target Boing!
You aren't carrying any items that you can evoke.
You feel very mighty all of a sudden. 😮 HP[+1] It was a potion of attraction.
You feel attractive to monsters. The adder is attracted toward you.
Unknown command.
You slash the ogre!
The ogre hits you with a +0 giant spiked club!!
Ouch! That really hurt!
* * * LOW HITPOINT WARNING * * *
😱 HP[-21]
You take 21 damage, and now have 6/41 hp.
MASSIVE DAMAGE!! (PAUSE) Unknown command.
You slash the ogre! The ogre barely misses you.
You hit the ogre.
The ogre hits you with a +0 giant spiked club!
You die...

Skill      XL: |  1  2  3  4 |
---------------+-------------+-----
Dodging        | 1 2 3 4 |  4.9
Long Blades    | 3 4 |  4.5
Fighting       | |  3.6
Armour         | |  3.6
Shields        | |  3.2

Action                   |  1- 3 |  4- 6 || total
-------------------------+-------+-------++-------
Melee: Long sword        |   108 |    64 ||   172
       Lajatang          |       |     4 ||     4
Throw: Stone             |    24 |    24 ||    48
 Abil: Hop               |       |     1 ||     1
  Use: Scroll            |       |     8 ||     8
       Potion            |       |     2 ||     2
Armor: Scale mail        |    49 |    20 ||    69
Dodge: Dodged            |    61 |    31 ||    92
Block: Buckler           |    23 |    15 ||    38

Levels and vault maps discovered:
D:1:      dpeg_arrival_round_b, layout_basic, minmay_tiny_reverse_x
D:2:      layout_basic, nrook_loot_triangle, chequers_serial_rivers_small_3,
          kennysheep_pointless_box
D:3:      layout_loops_ring, lemuel_crystal_altar,
          chequers_ecumenical_altar_grove, serial_bayou_pond_a, uniq_jessica
D:4:      layout_loops_cross, serial_shops, shop, st_stairs_6, uniq_ijyb,
          uniq_blork_the_orc, uniq_crazy_yiuf_cottage

Notes
Turn   | Place    | Note
-------+----------+-------------------------------------------
     0 | D:1      | spaghetti the Barachi Fighter began the quest for the Orb.
     0 | D:1      | Reached XP level 1. HP: 18/18 MP: 1/1
     0 | D:1      | magus.rc [v1.9.6]
   309 | D:1      | Reached skill level 1 in Dodging
   572 | D:1      | Reached XP level 2. HP: 21/24 MP: 2/2
   880 | D:1      | Reached skill level 2 in Dodging
   915 | D:1      | Reached skill level 3 in Long Blades
  1165 | D:2      | Reached XP level 3. HP: 29/29 MP: 3/3
  1729 | D:3      | Found a hide-covered altar of Uskayaw.
  1906 | D:3      | Reached skill level 3 in Dodging
  1906 | D:3      | Reached XP level 4. HP: 28/36 MP: 4/4
  2080 | D:3      | Noticed Jessica
  2080 | D:3      | Noticed a black bear
  2086 | D:3      | Killed Jessica
  2096 | D:3      | Killed a black bear
  2097 | D:3      | Reached skill level 4 in Long Blades
  2097 | D:3      | Reached skill level 4 in Dodging
  2097 | D:3      | Reached XP level 5. HP: 21/41 MP: 5/5
  2879 | D:3      | Found a faded altar of an unknown god.
  3183 | D:4      | Noticed an ogre
  3188 | D:4      | HP: 6/41 [ogre/+0 giant spiked club (21)]
  3190 | D:4      | Mangled by an ogre

Vanquished Creatures
  A black bear (D:3)
  Jessica (D:3)
  An orc wizard (D:3)
  2 adders (D:3)
  A dart slug (D:1)
  5 orcs (D:3)
  7 ball pythons
  7 endoplasms
  5 giant cockroaches
  4 goblins
  2 hobgoblins
  4 kobolds
  5 bats
  2 frilled lizards
  2 rats (D:3)
49 creatures vanquished.

Table legend:
 A = Non-vault XP
 B = Vault XP
 C = Vault XP percentage of total XP
 D = Non-vault monster count
 E = Vault monster count
 F = Vault count percentage of total count
                 A         B        C        D         E       F
            +---------+---------+-------+---------+---------+-------
      Total |     273 |      40 |  12.8 |      46 |       3 |   6.1
            +---------+---------+-------+---------+---------+-------
        D:1 |      30 |       3 |   9.1 |      16 |       2 |  11.1
        D:2 |      22 |       0 |   0.0 |      12 |       0 |   0.0
        D:3 |     221 |      37 |  14.3 |      18 |       1 |   5.3
            +---------+---------+-------+---------+---------+-------

Illustrated notes

Table legend:
 A = Kills in this place as a percentage of kills in entire the game.
 B = Kills by you in this place as a percentage of kills by you in the entire game.
 C = Kills by friends in this place as a percentage of kills by friends in the entire game.
 D = Other kills in this place as a percentage of other kills in the entire game.
 E = Experience gained in this place as a percentage of experience gained in the entire game.
 F = Experience gained in this place divided by the number of levels of this place that you have seen.
                   A       B       C       D       E      F
               +-------+-------+-------+-------+-------+----------------------
         Total | 100.0 | 100.0 |   N/A |   N/A | 100.0 |  78.2
       Dungeon | 100.0 | 100.0 |   N/A |   N/A | 100.0 |  78.2
               +-------+-------+-------+-------+-------+----------------------

Table legend: (Time is in decaauts)
 A = Elapsed time spent in this place.
 B = Non-inter-level travel time spent in this place.
 C = Inter-level travel time spent in this place.
 D = Time resting spent in this place.
 E = Time spent auto-exploring this place.
 F = Levels seen in this place.
 G = Mean time per level.
                   A        B        C        D        E       F      G
               +--------+--------+--------+--------+--------+-----+--------+
         Total |   3624 |   3519 |    105 |    546 |   2516 |   4 |  906.0 |
       Dungeon |   3624 |   3519 |    105 |    546 |   2516 |   4 |  906.0 |
               +--------+--------+--------+--------+--------+-----+--------+

Top non-repeatable levels by time:
     D:3: 1630 daAuts
     D:1: 1327 daAuts
     D:2: 659 daAuts
     D:4: 7 daAuts
